| TOP OF THE 1ST |
|
Gwinnett Braves batting - Pitching for Lehigh Valley IronPigs : RHP Georgs Felitti
|
|
Pitching: RHP Georgs Felitti
|
|
|
Batting: RHB Edgar Castillo
|
0-0: Called Strike 0-1: Called Strike 0-2: Fly out, F9 (Line Drive, 89S, EV 93.1 MPH)
|
|
Batting: RHB Alex Munoz
|
0-0: Ball 1-0: Foul Ball, location: 2F 1-1: Swinging Strike 1-2: Ball 2-2: SINGLE (Line Drive, 4D, EV 101.2 MPH)
|
|
Batting: SHB Brian Bagley
|
0-0: Called Strike Alex Munoz steals 2nd base 0-1: Ball 1-1: Foul Ball, location: 2F 1-2: Foul Ball, location: 2F 1-2: Strikes out swinging
|
|
Batting: SHB Bob Morales
|
0-0: Foul Ball, location: 2F 0-1: Ball 1-1: Foul Ball, location: 2F 1-2: Strikes out swinging
|
| Top of the 1st over - 0 runs, 1 hit, 0 errors, 1 left on base; Gwinnett 0 - Lehigh Valley 0 |
| BOTTOM OF THE 1ST |
|
Lehigh Valley IronPigs batting - Pitching for Gwinnett Braves : LHP Eduardo Baez
|
|
Pitching: LHP Eduardo Baez
|
|
|
Batting: LHB Theodore Conboy
|
0-0: Foul Ball, location: 2F 0-1: Ball 1-1: Ball 2-1: Ground out 4-3 (Groundball, 4, EV 85.6 MPH)
|
|
Batting: RHB Alberto Ramirez
|
0-0: Fly out, F7 (Flyball, 78D, EV 91.9 MPH)
|
|
Batting: LHB Josh George
|
0-0: Called Strike 0-1: Called Strike 0-2: Strikes out swinging
|
| Bottom of the 1st over - 0 runs, 0 hits, 0 errors, 0 left on base; Gwinnett 0 - Lehigh Valley 0 |
| TOP OF THE 2ND |
|
Gwinnett Braves batting - Pitching for Lehigh Valley IronPigs : RHP Georgs Felitti
|
|
Batting: LHB Chris Locklear
|
0-0: Foul Ball, location: 2F 0-1: Ball 1-1: Foul Ball, location: 2F 1-2: Foul Ball, location: 2F 1-2: Strikes out swinging
|
|
Batting: RHB Jesse Lester
|
0-0: Foul Ball, location: 2F 0-1: Foul Ball, location: 2F 0-2: SINGLE (Groundball, 4MD, EV 105.0 MPH)
|
|
Batting: RHB John Peterson
|
0-0: Ball 1-0: Called Strike Jesse Lester steals 2nd base 1-1: Ball 2-1: DOUBLE (Flyball, 89XD, EV 100.0 MPH) Jesse Lester scores
|
|
Batting: LHB Fred Arends
|
0-0: Foul Ball, location: 2F 0-1: Called Strike 0-2: Ball 1-2: Foul Ball, location: 2F 1-2: Foul Ball, location: 2F 1-2: Fly out, F6 (Popup, 6, EV 76.2 MPH)
|
|
Batting: RHB Riley Nasiir
|
0-0: Called Strike 0-1: Swinging Strike 0-2: Ball 1-2: Strikes out swinging
|
| Top of the 2nd over - 1 run, 2 hits, 0 errors, 1 left on base; Gwinnett 1 - Lehigh Valley 0 |
| BOTTOM OF THE 2ND |
|
Lehigh Valley IronPigs batting - Pitching for Gwinnett Braves : LHP Eduardo Baez
|
|
Batting: RHB Victor Arroyo
|
0-0: Foul Ball, location: 2F 0-1: Ground out 5-3 (Groundball, 56, EV 103.8 MPH)
|
|
Batting: SHB Benjamin Brown
|
0-0: Foul Ball, location: 2F 0-1: Ball 1-1: Ball 2-1: Swinging Strike 2-2: Ball 3-2: Strikes out swinging
|
|
Batting: RHB Mark Schultz
|
0-0: Ground out 1-3 (Groundball, 13S, EV 73.8 MPH)
|
| Bottom of the 2nd over - 0 runs, 0 hits, 0 errors, 0 left on base; Gwinnett 1 - Lehigh Valley 0 |
| TOP OF THE 3RD |
|
Gwinnett Braves batting - Pitching for Lehigh Valley IronPigs : RHP Georgs Felitti
|
|
Batting: RHB Edgar Castillo
|
0-0: Called Strike 0-1: Ground out U3 (Groundball, 34, EV 89.4 MPH)
|
|
Batting: RHB Alex Munoz
|
0-0: Ball 1-0: Ball 2-0: Ball 3-0: Called Strike 3-1: SINGLE (Groundball, 4D, EV 108.8 MPH)
|
|
Batting: SHB Brian Bagley
|
0-0: Fly out, F7 (Flyball, 7LS, EV 88.8 MPH)
|
|
Batting: SHB Bob Morales
|
0-0: Ball 1-0: Ball 2-0: Swinging Strike 2-1: SINGLE (Groundball, 6M, EV 98.1 MPH) Alex Munoz to second
|
|
Batting: LHB Chris Locklear
|
0-0: Ball 1-0: Ball 2-0: Foul Ball, location: 2F 2-1: Ball 3-1: SINGLE (Groundball, 56D, EV 93.8 MPH) Alex Munoz to third Bob Morales to second Runner from 3rd tries for Home, SAFE, throw by LF to home
|
|
Batting: RHB Jesse Lester
|
0-0: Fielders Choice at 2nd, 5-4 (Groundball, 5L, EV 96.2 MPH)
|
| Top of the 3rd over - 1 run, 3 hits, 0 errors, 2 left on base; Gwinnett 2 - Lehigh Valley 0 |
| BOTTOM OF THE 3RD |
|
Lehigh Valley IronPigs batting - Pitching for Gwinnett Braves : LHP Eduardo Baez
|
|
Batting: RHB Carlos Morejon
|
0-0: Swinging Strike 0-1: Ball 1-1: Called Strike 1-2: Ball 2-2: Foul Ball, location: 2F 2-2: Fly out, F7 (Flyball, 7S, EV 94.4 MPH)
|
|
Batting: RHB Moritake Fukumoto
|
0-0: Ball 1-0: SINGLE (Groundball, 56D, EV 95.0 MPH)
|
|
Batting: RHB Kyle Reilly
|
0-0: Foul Ball, location: 2F 0-1: Foul Ball, location: 2F 0-2: Foul Ball, location: 2F 0-2: Strikes out swinging
|
|
Batting: LHB Theodore Conboy
|
0-0: Ball 1-0: Foul Ball, location: 2F 1-1: Foul Ball, location: 2F 1-2: Ball 2-2: Ball 3-2: SINGLE (Groundball, 6D, EV 103.1 MPH) Moritake Fukumoto to second Moritake Fukumoto to third
|
|
Batting: RHB Alberto Ramirez
|
0-0: Ball 1-0: Foul Ball, location: 2F 1-1: Called Strike 1-2: Foul Ball, location: 2F 1-2: Ground out 4-3 (Groundball, 34, EV 86.9 MPH)
|
| Bottom of the 3rd over - 0 runs, 2 hits, 0 errors, 2 left on base; Gwinnett 2 - Lehigh Valley 0 |
| TOP OF THE 4TH |
|
Gwinnett Braves batting - Pitching for Lehigh Valley IronPigs : RHP Georgs Felitti
|
|
Batting: RHB John Peterson
|
0-0: Swinging Strike 0-1: Foul Ball, location: 2F 0-2: Ball 1-2: Strikes out swinging
|
|
Batting: LHB Fred Arends
|
0-0: Ball 1-0: Called Strike 1-1: Ball 2-1: Called Strike 2-2: Strikes out swinging
|
|
Batting: RHB Riley Nasiir
|
0-0: Ball 1-0: Swinging Strike 1-1: Called Strike 1-2: Ground out 6-3 (Groundball, 6, EV 106.9 MPH)
|
| Top of the 4th over - 0 runs, 0 hits, 0 errors, 0 left on base; Gwinnett 2 - Lehigh Valley 0 |
| BOTTOM OF THE 4TH |
|
Lehigh Valley IronPigs batting - Pitching for Gwinnett Braves : LHP Eduardo Baez
|
|
Batting: LHB Josh George
|
0-0: Ball 1-0: Ball 2-0: Ball 3-0: Base on Balls
|
|
Batting: RHB Victor Arroyo
|
0-0: Ball 1-0: Grounds into double play, 6-4-3 (Groundball, 6, EV 87.5 MPH)
|
|
Batting: SHB Benjamin Brown
|
0-0: Swinging Strike 0-1: Ball 1-1: Ball 2-1: Foul Ball, location: 2F 2-2: Ground out U3 (Groundball, 34S, EV 94.4 MPH)
|
| Bottom of the 4th over - 0 runs, 0 hits, 0 errors, 0 left on base; Gwinnett 2 - Lehigh Valley 0 |
| TOP OF THE 5TH |
|
Gwinnett Braves batting - Pitching for Lehigh Valley IronPigs : RHP Georgs Felitti
|
|
Batting: RHB Edgar Castillo
|
0-0: Ball 1-0: Ball 2-0: Ground out 1-3 (Groundball, 13S, EV 69.4 MPH)
|
|
Batting: RHB Alex Munoz
|
0-0: Swinging Strike 0-1: Ball 1-1: Ball 2-1: Foul Ball, location: 2F 2-2: Foul Ball, location: 2F 2-2: Foul Ball, location: 2F 2-2: Ball 3-2: Fly out, F8 (Line Drive, 8RD, EV 88.1 MPH)
|
|
Batting: SHB Brian Bagley
|
0-0: Ball 1-0: Ball 2-0: Foul Ball, location: 2F 2-1: Foul Ball, location: 2F 2-2: Ball 3-2: Base on Balls
|
|
Pitching: RHP Manny Cordova
|
|
|
Batting: SHB Bob Morales
|
0-0: Ball 1-0: Fly out, F7 (Flyball, 78M, EV 88.1 MPH)
|
| Top of the 5th over - 0 runs, 0 hits, 0 errors, 1 left on base; Gwinnett 2 - Lehigh Valley 0 |
| BOTTOM OF THE 5TH |
|
Lehigh Valley IronPigs batting - Pitching for Gwinnett Braves : LHP Eduardo Baez
|
|
Batting: RHB Mark Schultz
|
0-0: Called Strike 0-1: Foul Ball, location: 2F 0-2: Fly out, F6 (Line Drive, 6M, EV 68.1 MPH)
|
|
Batting: RHB Carlos Morejon
|
0-0: Ball 1-0: Called Strike 1-1: Swinging Strike 1-2: Foul Ball, location: 2F 1-2: Strikes out swinging
|
|
Batting: RHB Moritake Fukumoto
|
0-0: Called Strike 0-1: Ball 1-1: Ball 2-1: Called Strike 2-2: Ground out 4-3 (Groundball, 4, EV 88.8 MPH)
|
| Bottom of the 5th over - 0 runs, 0 hits, 0 errors, 0 left on base; Gwinnett 2 - Lehigh Valley 0 |
| TOP OF THE 6TH |
|
Gwinnett Braves batting - Pitching for Lehigh Valley IronPigs : RHP Manny Cordova
|
|
Batting: LHB Chris Locklear
|
0-0: Ball 1-0: Ground out 5-3 (Groundball, 56, EV 88.1 MPH)
|
|
Batting: RHB Jesse Lester
|
0-0: Called Strike 0-1: Foul Ball, location: 2F 0-2: Strikes out looking
|
|
Batting: RHB John Peterson
|
0-0: Called Strike 0-1: Swinging Strike 0-2: Ball 1-2: Ground out 5-3 (Groundball, 5, EV 89.4 MPH)
|
| Top of the 6th over - 0 runs, 0 hits, 0 errors, 0 left on base; Gwinnett 2 - Lehigh Valley 0 |
| BOTTOM OF THE 6TH |
|
Lehigh Valley IronPigs batting - Pitching for Gwinnett Braves : LHP Eduardo Baez
|
|
Batting: RHB Kyle Reilly
|
0-0: Ball 1-0: Ball 2-0: Foul Ball, location: 2F 2-1: Fly out, F9 (Line Drive, 9S, EV 113.1 MPH)
|
|
Batting: LHB Theodore Conboy
|
0-0: Called Strike 0-1: Ball 1-1: Ball 2-1: Foul Ball, location: 2F 2-2: Ground out 6-3 (Groundball, 6S, EV 68.1 MPH)
|
|
Batting: RHB Alberto Ramirez
|
0-0: Fly out, F7 (Flyball, 78M, EV 85.6 MPH)
|
| Bottom of the 6th over - 0 runs, 0 hits, 0 errors, 0 left on base; Gwinnett 2 - Lehigh Valley 0 |
| TOP OF THE 7TH |
|
Gwinnett Braves batting - Pitching for Lehigh Valley IronPigs : RHP Manny Cordova
|
|
Batting: LHB Fred Arends
|
0-0: Swinging Strike 0-1: Swinging Strike 0-2: Strikes out swinging
|
|
Batting: RHB Riley Nasiir
|
0-0: Fly out, F7 (Flyball, 7, EV 76.2 MPH)
|
|
Batting: RHB Edgar Castillo
|
0-0: Ground out 5-3 (Groundball, 56, EV 81.2 MPH)
|
| Top of the 7th over - 0 runs, 0 hits, 0 errors, 0 left on base; Gwinnett 2 - Lehigh Valley 0 |
| BOTTOM OF THE 7TH |
|
Lehigh Valley IronPigs batting - Pitching for Gwinnett Braves : LHP Eduardo Baez
|
|
Batting: LHB Josh George
|
0-0: Called Strike 0-1: Ball 1-1: Ground out 4-3 (Groundball, 34D, EV 81.9 MPH)
|
|
Batting: RHB Victor Arroyo
|
0-0: Ball 1-0: Foul Ball, location: 2F 1-1: Foul Ball, location: 2F 1-2: Strikes out swinging
|
|
Batting: SHB Benjamin Brown
|
0-0: Ground out 5-3 (Groundball, 56S, EV 87.5 MPH)
|
| Bottom of the 7th over - 0 runs, 0 hits, 0 errors, 0 left on base; Gwinnett 2 - Lehigh Valley 0 |
| TOP OF THE 8TH |
|
Gwinnett Braves batting - Pitching for Lehigh Valley IronPigs : RHP Manny Cordova
|
|
Pitching: LHP Ignacio Amaya
|
|
|
Batting: RHB Alex Munoz
|
0-0: Ball 1-0: Ball 2-0: Ball 3-0: Called Strike 3-1: Base on Balls
|
|
Batting: SHB Brian Bagley
|
0-0: Ball 1-0: Ball 2-0: Ball 3-0: Called Strike 3-1: Called Strike 3-2: Strikes out swinging Alex Munoz is caught stealing 2nd base 2-4 Batter strikes out.
|
|
Batting: SHB Bob Morales
|
0-0: Swinging Strike 0-1: Ball 1-1: Ball 2-1: Called Strike 2-2: Foul Ball, location: 2F 2-2: Strikes out swinging
|
| Top of the 8th over - 0 runs, 0 hits, 0 errors, 0 left on base; Gwinnett 2 - Lehigh Valley 0 |
| BOTTOM OF THE 8TH |
|
Lehigh Valley IronPigs batting - Pitching for Gwinnett Braves : LHP Eduardo Baez
|
|
Batting: RHB Mark Schultz
|
0-0: Ball 1-0: Called Strike 1-1: Called Strike 1-2: Strikes out swinging
|
|
Batting: RHB Carlos Morejon
|
0-0: Called Strike 0-1: Foul Ball, location: 2F 0-2: Fly out, F9 (Line Drive, 89M, EV 85.6 MPH)
|
|
Batting: RHB Moritake Fukumoto
|
0-0: Ball 1-0: SINGLE (Line Drive, 8RS, EV 87.5 MPH)
|
|
Batting: RHB Kyle Reilly
|
0-0: Ball 1-0: Ball 2-0: Ball 3-0: Base on Balls Moritake Fukumoto to second
|
|
Batting: LHB Theodore Conboy
|
0-0: Called Strike 0-1: Called Strike 0-2: Ball 1-2: Ground out U3 (Groundball, 34, EV 90.0 MPH)
|
| Bottom of the 8th over - 0 runs, 1 hit, 0 errors, 2 left on base; Gwinnett 2 - Lehigh Valley 0 |
| TOP OF THE 9TH |
|
Gwinnett Braves batting - Pitching for Lehigh Valley IronPigs : LHP Ignacio Amaya
|
|
Pitching: RHP Dustin Greaves
|
|
|
Batting: LHB Chris Locklear
|
0-0: Foul Ball, location: 2F 0-1: Fly out, F8 (Flyball, 89M, EV 85.6 MPH)
|
|
Batting: RHB Jesse Lester
|
0-0: Ball 1-0: Called Strike 1-1: DOUBLE (Popup, 5D, EV 60.0 MPH)
|
|
Batting: RHB John Peterson
|
0-0: Foul Ball, location: 2F 0-1: Foul Ball, location: 2F 0-2: Ball 1-2: Ball 2-2: Strikes out swinging
|
|
Batting: LHB Fred Arends
|
0-0: Called Strike 0-1: SINGLE (Groundball, 56D, EV 106.9 MPH) Jesse Lester to third Runner from 3rd tries for Home, SAFE, throw by LF to home
|
|
Batting: RHB Riley Nasiir
|
0-0: Ground out 4-3 (Groundball, 4, EV 106.2 MPH)
|
| Top of the 9th over - 1 run, 2 hits, 0 errors, 1 left on base; Gwinnett 3 - Lehigh Valley 0 |
| BOTTOM OF THE 9TH |
|
Lehigh Valley IronPigs batting - Pitching for Gwinnett Braves : LHP Eduardo Baez
|
|
Pitching: RHP Larry Stegall
|
|
|
Now at 3B: Mike Manchester
|
|
|
Batting: RHB Alberto Ramirez
|
0-0: Called Strike 0-1: Foul Ball, location: 2F 0-2: Strikes out swinging
|
|
Batting: LHB Josh George
|
0-0: Fly out, F8 (Line Drive, 8LM, EV 95.0 MPH)
|
|
Batting: RHB Victor Arroyo
|
0-0: Ball 1-0: Ball 2-0: Foul Ball, location: 2F 2-1: Ball 3-1: Foul Ball, location: 2F 3-2: Ground out 6-3 (Groundball, 6S, EV 78.1 MPH)
|
| Bottom of the 9th over - 0 runs, 0 hits, 0 errors, 0 left on base; Gwinnett 3 - Lehigh Valley 0 |
|